 Dungeon Crawl Stone Soup version 0.26-a0-547-g695e311587 (webtiles) character file.

Game seed: 6666074782300630860

78 Aksej the Chopper (level 4, -3/33 HPs)
             Began as a Demonspawn Gladiator on Aug 20, 2020.
             Slain by Natasha (4 damage)
             ... on level 2 of the Dungeon.
             The game lasted 00:03:24 (1501 turns).

Aksej the Chopper (Demonspawn Gladiator)            Turns: 1501, Time: 00:03:25

Health: -3/33      AC:  5    Str: 14    XL:     4   Next: 15%
Magic:  4/4        EV: 12    Int: 10    God:
Gold:   54         SH:  0    Dex: 15    Spells: 3/3 levels left

rFire    . . .     SeeInvis +   a - +0 war axe
rCold    . . .     Faith    .   (no shield)
rNeg     . . .     Spirit   .   g - +0 ring mail
rPois    .         Reflect  .   (helmet restricted)
rElec    .         Harm     .   (no cloak)
rCorr    .                      (no gloves)
MR       .....                  (no boots)
Stlth    +.........             (no amulet)
HPRegen  0.11/turn              h - ring of see invisible
MPRegen  0.09/turn              (no ring)

@: no status effects
A: horns 2
a: no special abilities


You were on level 2 of the Dungeon.
You visited 1 branch of the dungeon, and saw 2 of its levels.

You collected 54 gold pieces.

Inventory:

Hand Weapons
 a - a +0 war axe (weapon)
Missiles
 b - 6 boomerangs
 d - 3 throwing nets (quivered)
Armour
 g - a +0 ring mail (worn)
Jewellery
 h - a ring of see invisible (left hand)
Scrolls
 e - 2 scrolls of remove curse
 f - a scroll of identify


   Skills:
 + Level 2.2 Fighting
 * Level 3.8 Axes
 + Level 2.0 Throwing
 + Level 0.6 Armour
 + Level 3.2 Dodging


You had 3 spell levels left.
You didn't know any spells.
Your spell library was empty.

Dungeon Overview and Level Annotations

Branches:
Dungeon (2/15)

Altars:
Xom

Annotations:
D:2 Natasha


Innate Abilities, Weirdness & Mutations

You have a pair of horns on your head.


Message History

Natasha is heavily wounded.
You closely miss the crimson imp. Natasha barely misses you.
The crimson imp misses you. Natasha claws you.
* * * LOW HITPOINT WARNING * * *
You barely miss Natasha.
Natasha is heavily wounded.
You hit the crimson imp. The crimson imp misses you.
Natasha closely misses you.
The crimson imp shouts, "Begone, thou dissembling saucy snake-molt!"
The crimson imp hits you.
* * * LOW HITPOINT WARNING * * *
Okay, then.
You barely miss Natasha.
Natasha is heavily wounded.
You hit the crimson imp but do no damage.
* * * LOW HITPOINT WARNING * * *
You feel sick.
You are no longer poisoned.
Natasha claws you.
You die...

#..##..# ....#..........##.
#......# .....#........#.##.
#.###....# .....######...#..#.
#.....<..####...........+##..#.
#######.......# ##.####..##....
#....††......##.....##....##.#
..............#.......#..†..#.#
.............5#.......#...†.#.#
.............h@..._.........#..
.....#######..#.......#.....##.
..... ##.#.......#.....# .
..... #.##.....##.)...# # ..
#.# ##.####.###.# ... ... .. .#
... ### ...


You could see Natasha and a crimson imp (summoned).

Vanquished Creatures
  Natasha (D:2)
  2 adders (D:2)
  A worm (D:2)
  3 ball pythons
  A bat (D:1)
  2 giant cockroaches
  3 goblins
  4 hobgoblins
  4 kobolds (D:1)
  A quokka (D:2)
  3 frilled lizards
  8 rats
33 creatures vanquished.

Notes
Turn   | Place    | Note
-------+----------+-------------------------------------------
     0 | D:1      | Aksej the Demonspawn Gladiator began the quest for the Orb.
     0 | D:1      | Reached XP level 1. HP: 16/16 MP: 1/1
   567 | D:1      | Gained mutation: You have a pair of small horns on your
                  | head. [demonic ancestry]
   567 | D:1      | Reached XP level 2. HP: 22/22 MP: 2/2
  1296 | D:2      | Reached XP level 3. HP: 24/27 MP: 3/3
  1451 | D:2      | Noticed Natasha
  1455 | D:2      | Killed Natasha
  1474 | D:2      | Gained mutation: You have a pair of horns on your head.
                  | [demonic ancestry]
  1474 | D:2      | Reached XP level 4. HP: 25/33 MP: 4/4
  1485 | D:2      | Found a shimmering altar of Xom.
  1494 | D:2      | Noticed Natasha
  1501 | D:2      | HP: 1/33 [poisoned by an adder]
  1501 | D:2      | Slain by Natasha

Illustrated notes

Levels and vault maps discovered:
D:1:      dpeg_arrival_connections, layout_basic, lemuel_old_faithful
D:2:      layout_basic, nicolae_overflow_crystal_walls, old_standard_altar,
          uniq_natasha

Skill      XL: |  1  2  3 |
---------------+----------+-----
Axes           | 3 |  3.8
Dodging        | 3 |  3.2
Throwing       | 2 |  2.0
Fighting       | |  2.2
Armour         | |  0.6

Action                   |  1- 3 |  4- 6 || total
-------------------------+-------+-------++-------
Melee: War axe           |    99 |     9 ||   108
       Headbutt          |     9 |     1 ||    10
Throw: Throwing net      |     2 |       ||     2
  Use: Scroll            |     3 |       ||     3
Armor: Ring mail         |    36 |     2 ||    38
       Leather armour    |     3 |       ||     3
       Skin              |     2 |       ||     2
Dodge: Dodged            |    83 |     7 ||    90

Table legend: (Time is in decaauts)
 A = Elapsed time spent in this place.
 B = Non-inter-level travel time spent in this place.
 C = Inter-level travel time spent in this place.
 D = Time resting spent in this place.
 E = Time spent auto-exploring this place.
 F = Levels seen in this place.
 G = Mean time per level.
                   A        B        C        D        E       F      G
               +--------+--------+--------+--------+--------+-----+--------+
         Total |   1536 |   1500 |     36 |      0 |   1248 |   2 |  768.0 |
       Dungeon |   1536 |   1500 |     36 |      0 |   1248 |   2 |  768.0 |
               +--------+--------+--------+--------+--------+-----+--------+

Top non-repeatable levels by time:
     D:1: 1311 daAuts
     D:2: 225 daAuts
